 Dungeon Crawl Stone Soup version 0.23-a0-407-g92528d7 (webtiles) character file.

25 nujazz the Magician (level 2, 20/20 HPs)
             Began as a Demonspawn Wizard on Nov 7, 2018.
             Got out of the dungeon alive.
             The game lasted 00:03:44 (1645 turns).

nujazz the Magician (Demonspawn Wizard)             Turns: 1645, Time: 00:03:45

Health: 20/20      AC:  2    Str:  7    XL:     2   Next: 86%
Magic:  6/6        EV: 12    Int: 19    God:
Gold:   37         SH:  0    Dex: 11    Spells: 6/7 levels left

rFire    . . .     SeeInvis .   g - +0 dagger
rCold    . . .     Gourm    .   (no shield)
rNeg     . . .     Faith    .   a - +0 robe
rPois    .         Spirit   .   b - +0 hat
rElec    .         Reflect  .   (no cloak)
rCorr    .         Harm     .   (no gloves)
MR       .....                  (no boots)
Stlth    +.........             (no amulet)
HPRegen  0.06/turn              (no ring)
MPRegen  0.10/turn              (no ring)

@: starving
A: hooves 1
a: no special abilities


You escaped.
You were starving.

You visited 1 branch of the dungeon, and saw 2 of its levels.

You collected 37 gold pieces.

Inventory:

Hand Weapons
 g - a +0 dagger (weapon)
Armour
 a - a +0 robe (worn)
 b - a +0 hat (worn)
Jewellery
 h - a +5 ring of dexterity {unknown}
 i - a +3 ring of dexterity {unknown}
Scrolls
 c - 2 scrolls of remove curse {unknown}
 e - a scroll of magic mapping {unknown}
Potions
 f - a potion of curing {unknown}
Comestibles
 d - a ration


   Skills:
 + Level 0.9 Fighting
 - Level 1.7 Dodging
 - Level 1.7 Stealth
 * Level 3.4 Spellcasting
 * Level 1.9 Conjurations
   Level 1.0 Summonings
   Level 0.8 Translocations


You had 6 spell levels left.
You knew the following spells:

 Your Spells              Type           Power        Failure   Level  Hunger
a - Magic Dart            Conj           ##..         7%          1    None

Your spell library contained the following spells:

 Spells                   Type           Power        Failure   Level  Hunger
 Call Imp                 Summ           #.......     14%         2    ##.....
 Blink                    Tloc           N/A          16%         2    ##.....
 Slow                     Hex            #.......     22%         2    ##.....
 Conjure Flame            Conj/Fire      #.......     28%         3    ###....
 Mephitic Cloud           Conj/Pois/Air  #.......     32%         3    ###....


Dungeon Overview and Level Annotations

Branches:
Dungeon (2/15)

Altars:

Annotations:
D:1 1 exclusion


Innate Abilities, Weirdness & Mutations

You have large cloven feet.


Message History

You start waiting.
You start waiting.
You start waiting.
You start waiting.
You start waiting.
You are starving!
Unknown command.
Level annotation: 1 exclusion Welcome back, nujazz the Demonspawn Wizard.
Press ? for a list of commands and other information.
Sorry, you're not good enough to have a special ability.
Sorry, you're not good enough to have a special ability.
You hit the plant but do no damage. You kick the plant, but do no damage.
There is a staircase leading out of the dungeon here.
Are you sure you want to leave the Dungeon?
This will make you lose the game!
Alright, then stay!
Are you sure you want to leave the Dungeon?
This will make you lose the game! [Y]es or [N]o only, please.
Are you sure you want to leave the Dungeon?
This will make you lose the game!
You have escaped!

#≈≈≈≈......♣P.P♣♣.##...##
#≈≈≈....♣.♣#########'''##
#≈≈≈......P# #...>....
#≈≈≈≈......# #........
#≈≈≈≈.....P# #.....###
#≈≈≈.......# #.....# #
#≈≈≈.....♣♣# #.....# #
#≈≈≈♣...♣♣ #.....# #
#≈≈≈♣..P@♣ #.....# #
#≈≈≈♣♣♣♣♣♣ #.....# #
#≈♣♣♣ #.....# # #≈
####### # #≈ #### #♣ #...
#..# #... #.#.


There were no monsters in sight!

Vanquished Creatures
  An ooze (D:1)
  A dart slug (D:1)
  A leopard gecko (D:1)
  A giant cockroach (D:1)
  5 goblins (D:1)
  3 hobgoblins
  A quokka (D:2)
  A frilled lizard (D:1)
  2 rats (D:1)
16 creatures vanquished.

Notes
Turn   | Place    | Note
-------+----------+-------------------------------------------
     0 | D:1      | nujazz the Demonspawn Wizard began the quest for the Orb.
     0 | D:1      | Reached XP level 1. HP: 13/13 MP: 4/4
   365 | D:1      | Gained mutation: You have large cloven feet. [demonic
                  | ancestry]
   365 | D:1      | Reached XP level 2. HP: 20/20 MP: 1/6
  1645 | D:$      | Got out of the dungeon alive.

Vault maps used:
D:1:      kennysheep_arrival_seaside, hex_tiny, minmay_strange_pillars
D:2:      minmay_item_behind_shaft, led_sif_pool

Action                   || total
-------------------------++-------
Melee: Unarmed           ||     9
       Dagger            ||    34
       Kick              ||     5
 Cast: Magic Dart        ||    41
Armor: Robe              ||    10
Dodge: Dodged            ||    31

Table legend:
 A = Non-vault XP
 B = Vault XP
 C = Vault XP percentage of total XP
 D = Non-vault monster count
 E = Vault monster count
 F = Vault count percentage of total count
                 A         B        C        D         E       F
            +---------+---------+-------+---------+---------+-------
      Total |      37 |       0 |   0.0 |      16 |       0 |   0.0
            +---------+---------+-------+---------+---------+-------
        D:1 |      33 |       0 |   0.0 |      14 |       0 |   0.0
        D:2 |       4 |       0 |   0.0 |       2 |       0 |   0.0
            +---------+---------+-------+---------+---------+-------
